Map: Prion Terraces

Players

MrWiliker

  • Race: Terran Terran
  • League: Diamond

LilDicky - Winner!

  • Race: Terran Terran
  • League: Diamond

VOD

http://www.twitch.tv/tumescentpie

Description

Time

  • Played on: Nov. 24, 2015, 1:16 p.m.
  • Length: 4:20
Show
View Real Time Build Order
Export as new Build Order

MrWiliker Terran 

Build Orders:  

Get SALT Encoding   

  12  0:01  SCV  
  13  0:13  SCV  
  14  0:17  Supply Depot  
  14  0:26  SCV  
  15  0:39  SCV  
  16  0:47  Barracks  
  16  0:50  Refinery  
  16  0:51  SCV  
  17  1:03  SCV  
  18  1:15  SCV  
  19  1:34  Orbital Command  
  19  1:35  Marine  
  19  1:38  Supply Depot  
  20  1:50  Command Center  
  20  1:53  Marine  
  21  2:02  Factory  
  21  2:09  SCV  
  21  2:13  Barracks Reactor  
  22  2:18  Barracks Tech Lab  
  22  2:21  SCV  
  23  2:24  Refinery  
  23  2:39  Bunker  
  23  2:42  Marauder  
  21  3:03  Marine  
  22  3:09  Widow Mine  
  22  3:10  SCV  
  25  3:15  Starport  
  25  3:17  Barracks  
  25  3:18  Orbital Command  
  24  3:21  Marine  
  21  3:40  Marauder  
Show
View Real Time Build Order
Export as new Build Order

LilDicky Terran - Winner!

Build Orders:  

Get SALT Encoding   

  12  0:03  SCV  
  13  0:15  SCV  
  13  0:20  Supply Depot  
  14  0:27  SCV  
  15  0:41  SCV  
  15  0:42  Refinery  
  16  0:45  Barracks  
  16  0:54  SCV  
  17  1:06  SCV  
  17  1:07  Barracks  
  18  1:18  SCV  
  19  1:33  Orbital Command  
  19  1:34  Reaper  
  20  1:44  Supply Depot  
  20  1:55  Reaper, Barracks  
  20  2:00  SCV  
  22  2:05  Refinery  
  22  2:06  Reaper  
  23  2:13  Supply Depot  
  23  2:14  SCV  
  24  2:26  SCV  
  24  2:28  Reaper  
  26  2:43  Reaper  
  27  2:54  Reaper  
  28  3:01  Reaper  
  29  3:06  Supply Depot  
  29  3:07  SCV  
  29  3:10  Command Center  
  30  3:15  Reaper  
  31  3:30  Reaper  
  31  3:33  Reaper  
  32  3:47  Reaper  
  34  4:03  SCV  
  34  4:07  Command Center  
Tags
 
Add a new tag
Caveats
  • Supply blocks, unpowered buildings, or Contaminate may cause inaccurate times.
  • Supply counts are checked every 10 seconds.